 Dungeon Crawl Stone Soup version 0.23.0 (webtiles) character file.

Game seed: 866011391515202187

96 Fuzzwah the Chopper (level 4, 0/60 HPs)
             Began as a Minotaur Berserker on Feb 12, 2019.
             Was a Believer of Trog.
             Killed by divine providence
             ... invoked by an orc priest
              (10 damage)
             ... on level 3 of the Dungeon.
             The game lasted 00:06:42 (1889 turns).

Fuzzwah the Chopper (Minotaur Berserker)            Turns: 1889, Time: 00:06:42

Health: 0/60       AC: 10    Str: 27    XL:     4   Next: 41%
Magic:  3/3        EV:  9    Int:  4    God:    Trog [**....]
Gold:   89         SH:  0    Dex: 10    Spells: 3/3 levels left

rFire    . . .     SeeInvis .   a - +1 hand axe
rCold    . . .     Gourm    .   (no shield)
rNeg     . . .     Faith    .   f - +0 chain mail
rPois    .         Spirit   .   (helmet restricted)
rElec    .         Reflect  .   (no cloak)
rCorr    .         Harm     .   e - +0 pair of gloves
MR       .....                  (no boots)
Stlth    ..........             (no amulet)
HPRegen  0.20/turn              (no ring)
MPRegen  0.08/turn              (no ring)

@: berserking, very quick
A: retaliatory headbutt, horns 2
a: Berserk, Trog's Hand, Renounce Religion


You were on level 3 of the Dungeon.
You worshipped Trog.
Trog was pleased with you.
You were near starving.

You visited 1 branch of the dungeon, and saw 3 of its levels.

You collected 89 gold pieces.

Inventory:

Hand Weapons
 a - a +1 hand axe (weapon)
Armour
 e - a +0 pair of gloves (worn)
   (You found it on level 1 of the Dungeon)
 f - a +0 chain mail (worn)
   (You found it on level 2 of the Dungeon)
Scrolls
 d - a scroll of teleportation
 h - a scroll of amnesia {unknown}
Potions
 b - a potion of curing
 g - a potion of berserk rage {!q}
Comestibles
 c - 4 rations


   Skills:
 + Level 4.2 Fighting
 * Level 4.9 Axes
 + Level 3.3 Armour
 + Level 2.9 Dodging


You had 3 spell levels left.
You didn't know any spells.
Your spell library was empty.

Dungeon Overview and Level Annotations

Branches:
Dungeon (3/15)

Altars:


Innate Abilities, Weirdness & Mutations

You reflexively headbutt those who attack you in melee.
You have a pair of horns on your head.


Message History

Trog accepts your kill.
No target in view!
You now have 31 gold pieces (gained 12).
You see here a +0 dagger.
You see here 16 arrows.
b - a potion of curing
g - a potion of berserk rage {!q} You are feeling hungry.
Done exploring.
There is a stone staircase leading up here.
There is a stone staircase leading down here.
You climb downwards.
You hear the sound of rushing water.
There is an entrance to a sewer on this level.
Hurry and find it before the portal rusts away!
A rat and a hobgoblin come into view.
The hobgoblin shouts!
There is a stone staircase leading up here.
You closely miss the hobgoblin. The hobgoblin closely misses you.
The rat completely misses you.
You hit the hobgoblin but do no damage. You headbutt the hobgoblin.
You closely miss the rat.
The hobgoblin hits you but does no damage.
The rat barely misses you. You furiously retaliate!
You headbutt the rat!
You kill the rat!
Trog accepts your kill.
You closely miss the hobgoblin. Your headbutt misses the hobgoblin.
The hobgoblin barely misses you.
You hit the hobgoblin but do no damage. You headbutt the hobgoblin.
You kill the hobgoblin!
Trog accepts your kill.
No target in view!
h - a scroll labeled WEQ CACWEBY You see here a hobgoblin corpse.
You now have 42 gold pieces (gained 11).
You now have 61 gold pieces (gained 19).
You now have 73 gold pieces (gained 12).
An orc wizard comes into view. It is wielding a +0 dagger.
The orc wizard shouts!
You hear a shout!
The orc wizard moves out of view.
You now have 89 gold pieces (gained 16).
An orc priest comes into view. It is wielding a +0 dagger.
The orc priest invokes the aid of Beogh against you.
Beogh smites you!
The orc wizard casts a spell.
The orc wizard flickers and vanishes!
Deactivating autopickup; reactivate with Ctrl-A.
You take 9 damage, and have 31/40 hp.
MASSIVE DAMAGE!!
You hear some strange, mumbled words.
Something tries to affect you, but you resist.
The orc priest casts a cantrip, but nothing happens.
Something hits you but does no damage.
You are feeling very hungry.
You hit something. Something hits you but does no damage.
You hit something. Something hits you but does no damage.
You miss something.
You hear the slow rusting of a very distant drain.
An orc warrior comes into view.
It is wielding a -1 battleaxe and wearing a +0 plate armour of positive energy.
Something hits you but does no damage.
You closely miss something.
The orc warrior shouts!
Something hits you.
You take 1 damage, and have 31/40 hp.
You slash something! You headbutt something.
The orc priest looks braver for a moment.
Something hits you but does no damage.
You hit something but do no damage. Something hits you.
You take 1 damage, and have 30/40 hp.
You hit something but do no damage. You headbutt something.
The orc priest mumbles some strange prayers to Beogh against you.
Something hits you but does no damage.
You miss something. You headbutt something. Trog accepts your kill.
Trog appreciates your killing of a magic user.
Reactivating autopickup.
You feel a bit more experienced.
You completely miss the orc priest. Your headbutt misses the orc priest.
You hit the orc warrior but do no damage.
The orc priest looks satisfied for a moment.
You hit the orc warrior but do no damage.
The orc warrior hits you with a cursed -1 battleaxe!
You take 10 damage, and have 20/40 hp.
MASSIVE DAMAGE!!
You hit the orc warrior but do no damage.
The orc warrior closely misses you.
You completely miss the orc warrior. Your headbutt misses the orc warrior.
The orc warrior hits you with a cursed -1 battleaxe!
* * * LOW HITPOINT WARNING * * *
You take 14 damage, and have 6/40 hp.
MASSIVE DAMAGE!!
A red film seems to cover your vision as you go berserk!
You feel yourself moving faster!
You feel mighty!
You are near starving!
The orc warrior hits you but does no damage.
You now have 10/60 hp.
You completely miss the orc warrior. You barely miss the orc warrior.
Your headbutt misses the orc warrior.
The orc priest calls down the wrath of Beogh upon you.
Beogh smites you!
You die...

#.....†....#
##.........##
#.<........#####
###...............
#.................
#.................
#.................
#......###........
#......@oo........
############......
...... ..... .....
####


You could see an orc warrior and an orc priest.

Vanquished Creatures
  An orc wizard (D:3)
  2 adders (D:2)
  2 worms (D:2)
  A leopard gecko (D:1)
  3 giant cockroaches
  8 goblins
  5 hobgoblins
  4 kobolds
  2 quokkas (D:2)
  6 bats
  2 frilled lizards (D:2)
  11 rats
47 creatures vanquished.

Notes
Turn   | Place    | Note
-------+----------+-------------------------------------------
     0 | D:1      | Fuzzwah the Minotaur Berserker began the quest for the Orb.
     0 | D:1      | Reached XP level 1. HP: 19/19 MP: 0/0
    63 | D:1      | HP: 5/20 [rat (3)]
    83 | D:1      | HP: 4/20 [rat (1)]
   400 | D:1      | Reached XP level 2. HP: 27/27 MP: 1/1
   492 | D:1      | Reached skill level 4 in Axes
  1063 | D:2      | Reached XP level 3. HP: 30/33 MP: 2/2
  1159 | D:2      | Reached ** piety under Trog
  1256 | D:2      | Reached skill level 4 in Fighting
  1256 | D:2      | Reached skill level 3 in Armour
  1554 | D:2      | Reached XP level 4. HP: 29/40 MP: 3/3
  1876 | D:3      | Noticed an orc warrior
  1886 | D:3      | HP: 6/40 [orc warrior/cursed -1 battleaxe (14)]
  1889 | D:3      | Killed from afar by an orc priest

Skill      XL: |  1  2  3 |
---------------+----------+-----
Axes           | 4 |  4.9
Fighting       | 4 |  4.2
Armour         | 3 |  3.3
Dodging        | |  2.9

Action                   |  1- 3 |  4- 6 || total
-------------------------+-------+-------++-------
Melee: Hand axe          |   115 |    22 ||   137
       Headbutt          |    19 |     5 ||    24
Invok: Berserk           |     1 |     1 ||     2
  Use: Potion            |     6 |       ||     6
       Scroll            |     5 |     1 ||     6
  Eat: Chunk             |     3 |       ||     3
Armor: Animal skin       |     9 |       ||     9
       Chain mail        |    18 |    10 ||    28
Dodge: Dodged            |    60 |     5 ||    65

Levels and vault maps discovered:
D:1:      roderic_crop_circles_arrival_small, layout_loops_cross
D:2:      layout_loops_corners
D:3:      layout_basic, grunt_temple_overflow_champion_of_chaos,
          okawaru_ov_weapons_minmay, chequers_ecumenical_altar_island,
          cheibrodos_sewer_entry_drain, first_ration

Table legend:
 A = Turns spent in this place as a percentage of turns spent in the entire game.
 B = Non-inter-level travel turns spent in this place as a percentage of non-inter-level travel turns spent in the entire game.
 C = Inter-level travel turns spent in this place as a percentage of turns spent in this place.
 D = Turns resting spent in this place as a percentage of non-inter-level travel turns spent in this place.
 E = Turns spent auto-exploring this place as a percentage of non-inter-level travel turns spent in this place.
 F = Non-inter-level travel turns spent in this place divided by the number of levels of this place that you've seen.
                   A       B       C       D       E      F
               +-------+-------+-------+-------+-------+----------------------
         Total | 100.0 | 100.0 |   5.3 |  16.4 |  64.5 | 596.0
       Dungeon | 100.0 | 100.0 |   5.3 |  16.4 |  64.5 | 596.0
               +-------+-------+-------+-------+-------+----------------------

Table legend:
 A = Kills in this place as a percentage of kills in entire the game.
 B = Kills by you in this place as a percentage of kills by you in the entire game.
 C = Kills by friends in this place as a percentage of kills by friends in the entire game.
 D = Other kills in this place as a percentage of other kills in the entire game.
 E = Experience gained in this place as a percentage of experience gained in the entire game.
 F = Experience gained in this place divided by the number of levels of this place that you have seen.
                   A       B       C       D       E      F
               +-------+-------+-------+-------+-------+----------------------
         Total | 100.0 | 100.0 |   N/A |   N/A | 100.0 |  46.0
       Dungeon | 100.0 | 100.0 |   N/A |   N/A | 100.0 |  46.0
               +-------+-------+-------+-------+-------+----------------------
